 Dungeon Crawl Stone Soup version 0.17.1-3-g152610e (webtiles) character file.

31 kaze the Skirmisher (level 3, -2/29 HPs)
             Began as a Demonspawn Chaos Knight on Apr 1, 2016.
             Slain by a centaur (8 damage)
             ... on level 3 of the Dungeon.
             The game lasted 00:02:45 (1416 turns).

kaze the Skirmisher (Demonspawn Chaos Knight)       Turns: 1416, Time: 00:02:45

Health: -2/29      AC:  5    Str: 13    XL:     3   Next: 7%
Magic:  0/3        EV: 11    Int: 13    God:    Xom [....*.]
Gold:   76         SH:  0    Dex: 12    Spells: 0 memorised, 2 levels left

rFire  . . .     SeeInvis .     n - +4 falchion
rCold  . . .     Clarity  .     b - +2 leather armour
rNeg   . . .     SustAt   .     (no shield)
rPois  .         Gourm    .     (no helmet)
rElec  .         Spirit   +     (no cloak)
rCorr  .         Warding  .     (no gloves)
rMut   .         Stasis   .     (no boots)
MR     .....                    (no amulet)
Stlth  +.........               (no ring)
                                (no ring)

@: slowed, very slow, not resistant to hostile enchantments, very unstealthy
A: magic shield
a: Renounce Religion


You were on level 3 of the Dungeon.
You worshipped Xom.
You were a beloved toy of Xom.
You were hungry.

You visited 1 branch of the dungeon, and saw 3 of its levels.

You collected 76 gold pieces.

Inventory:

Hand Weapons
 a - a +0 falchion of chaos
 n - a +4 falchion (weapon)
Missiles
 d - 4 javelins (quivered)
Armour
 b - a +2 leather armour (worn)
Scrolls
 e - 3 scrolls of remove curse {unknown}
 g - a scroll of enchant armour {unknown}
 h - 2 scrolls of identify {unknown}
 i - a scroll of amnesia {unknown}
 j - 2 scrolls of enchant weapon {unknown}
 p - a scroll of random uselessness {unknown}
Potions
 k - a potion of brilliance {unknown}
 l - 2 potions of curing {unknown}
 m - 2 potions of flight {unknown}
 q - a potion of degeneration {unknown}
Comestibles
 c - 3 bread rations
 f - 3 meat rations
 o - a beef jerky


   Skills:
 + Level 3.6 Fighting
 + Level 3.1 Long Blades
 + Level 2.1 Armour
 + Level 1.0 Dodging


You had 2 spell levels left.
You didn't know any spells.

Dungeon Overview and Level Annotations

Branches:
Dungeon (3/15)

Altars:
Gozag
Okawaru
Xom


Innate Abilities, Weirdness & Mutations

When hurt, damage is shared between your health and your magic reserves.


Message History

The centaur is lightly wounded.
The centaur barely misses you. The centaur closely misses you.
The giant cockroach bites you but does no damage.
The centaur hits you but does no damage.
You hit the centaur.
The centaur is moderately wounded.
The centaur hits you. The giant cockroach bites you. The centaur hits you.
The giant cockroach bites you but does no damage.
You slash the centaur!
The centaur is almost dead.
The centaur closely misses you. The centaur hits you.
The giant cockroach bites you. The centaur hits you!
* * * LOW HITPOINT WARNING * * *
The giant cockroach misses you.
You hit the centaur.
The centaur is almost dead.
The centaur barely misses you.
The giant cockroach bites you but does no damage.
The centaur hits you!
You die...

##....# #. #.....# ##
#######.....# #
#....##.....# #
#....##.....# #
#....##.....# ####
####.§§§###.###### #...
.....§§c# #......# ##+##
.....§s@###.###.####....
.s...§§§§§..# #.........
.....§#########........_
...... .........<......
#+##. ....####........
#. ................ #
...############


You could see a centaur and a giant cockroach.

Vanquished Creatures
  A giant gecko (D:1)
  An orc (D:3)
  A ball python (D:2)
  9 bats
  2 hobgoblins
  2 jackals (D:1)
  3 kobolds
  2 giant cockroaches (D:1)
  2 giant newts
  3 goblins
  3 rats
29 creatures vanquished.

Notes
Turn   | Place    | Note
--------------------------------------------------------------
     0 | D:1      | kaze the Demonspawn Chaos Knight began the quest for the Orb.
     0 | D:1      | Reached XP level 1. HP: 18/18 MP: 1/1
   107 | D:1      | Gained mutation: When hurt, damage is shared between your health and your magic reserves. [demonic ancestry]
   107 | D:1      | Reached XP level 2. HP: 17/24 MP: 2/2
   634 | D:1      | XOM: mild Hex miscast
   936 | D:2      | Found an iron altar of Okawaru.
  1065 | D:2      | Reached skill level 1 in Dodging
  1137 | D:2      | XOM: silly message
  1168 | D:3      | Reached XP level 3. HP: 21/29 MP: 0/3
  1182 | D:3      | Found an opulent altar of Gozag.
  1209 | D:3      | XOM: butterfly on damage
  1360 | D:3      | XOM: scenery: create altars
  1410 | D:3      | Noticed a centaur
  1410 | D:3      | XOM: mild Necr miscast
  1411 | D:3      | XOM: fog
  1416 | D:3      | Slain by a centaur

Action                   || total
-------------------------++-------
Melee: Falchion          ||    92
  Eat: Chunk             ||     1
